 Dungeon Crawl Stone Soup version 0.21.1-1-g345015fe64 (webtiles) character file.

308 ashduasduh the Shield-Bearer (level 6, 0/38 HPs)
             Began as a Gargoyle Fighter on May 15, 2018.
             Slain by Duvessa
             ... wielding a +4 short sword of draining
              (7 damage)
             ... on level 5 of the Dungeon.
             The game lasted 00:09:01 (3232 turns).

ashduasduh the Shield-Bearer (Gargoyle Fighter)     Turns: 3232, Time: 00:09:01

Health: 0/38       AC: 12    Str: 20 (21) XL:     6   Next: 40%
Magic:  6/6        EV:  8    Int:  6 (9)  God:
Gold:   148        SH:  9    Dex:  6 (9)  Spells: 5/5 levels left

rFire    . . .     SeeInvis .   a - +1 flail
rCold    . . .     Gourm    .   c - +0 shield
rNeg     + . .     Faith    .   b - +1 scale mail
rPois    ∞         Spirit   .   (no helmet)
rElec    +         Reflect  .   (no cloak)
rCorr    .         Harm     .   (no gloves)
MR       +....                  (no boots)
Stlth    ..........             (no amulet)
HPRegen  0.12/turn              u - ring of protection from magic
MPRegen  0.10/turn              (no ring)

@: no status effects
A: negative energy resistance 1, electricity resistance, unbreathing,
petrification resistance, rot immunity, AC +4
a: no special abilities


You were on level 5 of the Dungeon.
You were not hungry.

You visited 1 branch of the dungeon, and saw 5 of its levels.

You collected 148 gold pieces.

Inventory:

Hand Weapons
 a - a +1 flail (weapon)
Armour
 b - a +1 scale mail (worn)
 c - a +0 shield (worn)
Jewellery
 f - an uncursed ring of stealth {unknown}
 u - a ring of protection from magic (left hand)
Wands
 e - a wand of acid (8)
 x - a wand of iceblast (7)
Scrolls
 k - a scroll of identify
 l - a scroll of teleportation
 m - 3 scrolls of remove curse
 w - 2 scrolls of enchant armour
Potions
 d - a potion of might
 i - a potion of invisibility
 o - 3 potions of lignification
 s - a potion of curing
Comestibles
 q - 3 rations


   Skills:
 + Level 4.0 Fighting
 + Level 4.2 Maces & Flails
 + Level 4.1 Armour
 + Level 1.3 Dodging
 + Level 0.3 Stealth
 + Level 4.8 Shields


You had 5 spell levels left.
You didn't know any spells.

Dungeon Overview and Level Annotations

Branches:
Dungeon (5/15)             Temple (0/1) D:5

Altars:
Elyvilon
Gozag
Makhleb
Nemelex Xobeh
Okawaru
Wu Jian
The Shining One

Annotations:
D:4 Eustachio
D:5 Dowan, Duvessa


Innate Abilities, Weirdness & Mutations

You are resistant to torment.
Your stone body is resilient. (AC +4)
You are immune to poison.
You resist negative energy. (rN+)
You are resistant to electric shocks. (rElec)
You can survive without breathing.
You are immune to petrification.
You are immune to rotting.


Message History

Duvessa hits you but does no damage.
You hit the water moccasin zombie.
The water moccasin zombie is almost destroyed.
You block Duvessa's attack.
The water moccasin zombie bites you but does no damage. x2
You block Duvessa's attack.
A bullfrog zombie comes into view.
You hit the water moccasin zombie.
The water moccasin zombie is almost destroyed.
The hound stops to sniff the ground.
Duvessa hits you with a short sword of draining.
* * * LOW HITPOINT WARNING * * *
You block the water moccasin zombie's attack.
You block Duvessa's attack.
Okay, then.
As you read the scroll of noise, it crumbles to dust.
You hear a loud clanging noise!
The water moccasin zombie bites you but does no damage.
Duvessa hits you with a short sword of draining!
You die...

#####
#########e..#
......Z@ehZ.#
#########hZ.#
##.##
#####.#####.
#.h.........#
#.######.####
#.# .# #h# ..
. #h# .# .#


You could see Duvessa, Dowan, a howler monkey, a hound, a water moccasin zombie,
a bullfrog zombie and a howler monkey skeleton.

Vanquished Creatures
  A phantom (D:4)
  The ghost of Oravi the Insei, a weakling MfTm (D:3)
  An iron imp (D:2)
  2 worker ants
  A hound skeleton (D:5)
  An adder (D:3)
  2 dart slugs
  A leopard gecko (D:5)
  7 orcs
  4 ball pythons
  3 giant cockroaches
  4 goblins
  5 hobgoblins
  11 jackals (D:1)
  5 kobolds
  4 quokkas
  3 bats
  A frilled lizard (D:1)
  A quokka skeleton (D:4)
  7 rats
65 creatures vanquished.

Notes
Turn   | Place    | Note
-------+----------+-------------------------------------------
     0 | D:1      | ashduasduh the Gargoyle Fighter began the quest for the Orb.
     0 | D:1      | Reached XP level 1. HP: 14/14 MP: 1/1
    26 | D:1      | Reached XP level 2. HP: 17/19 MP: 2/2
   177 | D:1      | Reached XP level 3. HP: 19/23 MP: 3/3
   864 | D:2      | Found a burning altar of Makhleb.
   876 | D:2      | Reached XP level 4. HP: 6/29 MP: 4/4
  1387 | D:2      | Found an opulent altar of Gozag.
  1805 | D:2      | Found an iron altar of Okawaru.
  1825 | D:2      | Found a white marble altar of Elyvilon.
  1969 | D:3      | Found a sparkling altar of Nemelex Xobeh.
  1969 | D:3      | Noticed Oravi's ghost (weakling MfTm)
  1987 | D:3      | Killed Oravi's ghost
  1987 | D:3      | Reached XP level 5. HP: 22/33 MP: 5/5
  2111 | D:3      | Found a glowing golden altar of the Shining One.
  2224 | D:3      | Reached skill level 1 in Dodging
  2469 | D:4      | Noticed a phantom
  2526 | D:4      | Killed a phantom
  2526 | D:4      | Reached XP level 6. HP: 18/38 MP: 6/6
  2743 | D:4      | Found an ornate altar of the Wu Jian Council.
  2816 | D:4      | Noticed Eustachio
  3038 | D:5      | Entered Level 5 of the Dungeon
  3153 | D:5      | Found a staircase to the Ecumenical Temple.
  3198 | D:5      | Noticed Duvessa
  3199 | D:5      | Noticed Dowan
  3232 | D:5      | Slain by Duvessa

Skill      XL: |  1  2  3  4  5  6 |
---------------+-------------------+-----
Shields        | 4 |  4.8
Maces & Flails | 3 4 |  4.2
Dodging        | 1 |  1.3
Armour         | 4 |  4.1
Fighting       | 4 |  4.0
Stealth        | |  0.3

Action                   |  1- 3 |  4- 6 || total
-------------------------+-------+-------++-------
Melee: Flail             |   122 |   177 ||   299
  Use: Scroll            |       |    10 ||    10
       Potion            |       |     9 ||     9
  Eat: Ration            |       |     2 ||     2
       Chunk             |       |     2 ||     2
Armor: Scale mail        |    99 |   107 ||   206
Dodge: Dodged            |    34 |    68 ||   102
Block: Shield            |    68 |    93 ||   161
